Map: Acropolis LE

Players

llllllllllll

  • Race: Zerg Zerg
  • Spawn Location: 5:00

NORTHAMERICA - Winner!

  • Race: Protoss Protoss
  • League: Grandmaster
  • Spawn Location: 11:00

VOD

Have the link to the VOD?

Description

Time

  • Played on: July 25, 2019, 8:33 a.m.
  • Length: 14:13
Show
View Real Time Build Order
Export as new Build Order

llllllllllll Zerg 

Build Orders: Hatch First, Swarm Host 

Get SALT Encoding   

  12  0:00  Drone  
  13  0:13  Overlord  
  13  0:18  Drone  
  14  0:32  Drone x2  
  16  0:49  Hatchery  
  15  0:53  Drone  
  15  0:55  Drone  
  17  0:59  Drone  
  18  1:07  Extractor  
  17  1:14  Spawning Pool  
  17  1:17  Drone  
  17  1:20  Drone  
  18  1:32  Drone  
  19  1:39  Drone  
  20  1:50  Overlord  
  20  2:01  Queen  
  20  2:02  Queen  
  20  2:03  Zergling x4  
  20  2:07  Metabolic Boost  
  26  2:11  Drone  
  26  2:12  Drone  
  28  2:23  Drone x2  
  30  2:35  Hatchery  
  29  2:42  Queen  
  31  2:46  Drone  
  32  2:51  Overlord  
  32  2:53  Drone  
  32  2:54  Drone  
  35  2:58  Zergling x2  
  35  3:02  Drone  
  35  3:13  Drone, Spore Crawler  
  35  3:14  Drone x4  
  39  3:21  Queen  
  39  3:24  Overlord  
  41  3:30  Drone  
  41  3:31  Drone  
  43  3:35  Drone  
  43  3:49  Zergling x2  
  43  3:50  Zergling x12  
  43  3:52  Queen  
  52  3:55  Spore Crawler  
  51  4:05  Zergling x4  
  51  4:07  Zergling x6  
  54  4:18  Overlord x2  
  53  4:34  Drone x11  
  53  4:37  Drone  
  56  4:39  Drone  
  58  4:45  Drone x2  
  58  4:48  Spore Crawler  
  58  4:51  Overlord  
  59  4:52  Drone  
  59  4:53  Drone  
  59  4:54  Lair  
  59  4:56  Extractor x2, Drone  
  59  4:57  Roach Warren, Drone  
  59  4:59  Drone  
  60  5:05  Drone x2  
  62  5:07  Overlord  
  62  5:10  Overlord  
  62  5:17  Drone x4  
  62  5:18  Evolution Chamber, Extractor  
  62  5:21  Drone  
  65  5:22  Drone  
  65  5:23  Overlord  
  66  5:31  Overlord x2  
  66  5:37  Roach  
  66  5:38  Roach x5  
  78  5:45  Overlord x2  
  78  5:50  Extractor  
  78  5:51  Drone x4  
  78  5:56  Glial Reconstitution  
  80  5:57  Zerg Missile Weapons Level 1  
  80  6:02  Nydus Network, Roach x3  
  85  6:05  Roach  
  95  6:18  Roach x6  
  95  6:19  Overlord  
  99  6:28  Roach x5  
  99  6:31  Overlord  
  109  6:44  Roach  
  109  6:45  Roach x7  
  125  6:51  Roach x3  
  130  6:54  Nydus Canal  
  130  6:58  Overlord x2  
  130  6:59  Overlord  
  130  7:04  Roach  
  130  7:05  Roach x2  
  136  7:19  Ravager x2  
  136  7:20  Ravager  
  136  7:22  Zergling x10  
  143  7:23  Zergling x6  
  143  7:24  Overlord  
  143  7:25  Ravager  
  143  7:27  Zergling x6  
  143  7:29  Ravager  
  146  7:41  Roach  
  146  7:42  Roach x5  
  119  7:53  Roach x2  
  119  7:54  Roach x3  
  118  8:01  Overseer  
  118  8:07  Roach  
  118  8:08  Roach x5  
  130  8:15  Roach x2  
  130  8:19  Roach  
  136  8:27  Hatchery, Roach x3  
  136  8:33  Nydus Canal  
  141  8:35  Roach x2  
  141  8:38  Roach  
  143  8:46  Roach x2  
  126  8:53  Roach  
  126  8:55  Queen x3  
  121  8:56  Roach  
  121  8:57  Roach  
  129  9:08  Roach x3  
  135  9:13  Ravager x3  
  138  9:19  Roach  
  138  9:20  Roach x2  
  138  9:21  Zerg Missile Weapons Level 2  
  144  9:34  Roach x4  
  152  9:38  Queen  
  152  9:42  Overlord x3, Extractor  
  152  9:45  Roach x3  
  159  9:46  Infestation Pit  
  159  9:49  Roach x3  
  166  10:00  Roach x4  
  172  10:12  Roach  
  172  10:13  Roach x9  
  192  10:25  Overlord x2  
  192  10:31  Overseer  
  192  10:34  Overlord  
  186  10:54  Swarm Host x6  
  178  11:21  Swarm Host x7  
  199  11:30  Nydus Canal  
  199  11:36  Roach  
  183  12:04  Hatchery  
  183  12:06  Roach x12  
  181  12:17  Nydus Canal  
  181  12:18  Roach x7  
  181  12:19  Roach x2  
  197  12:25  Ravager x3  
  190  12:45  Ravager  
  190  12:46  Ravager x4  
  190  12:48  Zergling x12  
  190  12:49  Zergling x6  
  194  13:03  Hatchery  
  191  13:06  Hatchery  
  183  13:14  Roach  
  183  13:15  Roach x9  
  178  13:41  Roach x3  
  178  13:42  Roach x8  
Show
View Real Time Build Order
Export as new Build Order

NORTHAMERICA Protoss - Winner!

Build Orders: 1 Gate Expand, Archon Immortal 

Get SALT Encoding   

  12  0:01  Probe  
  13  0:13  Probe  
  14  0:21  Pylon  
  14  0:25  Probe  
  15  0:36  Probe  
  15  0:39  Gateway  
  16  0:44  Probe  
  17  0:50  Assimilator  
  17  0:54  Probe  
  18  1:06  Probe  
  19  1:18  Probe  
  20  1:25  Nexus  
  20  1:34  Cybernetics Core  
  20  1:37  Probe  
  21  1:44  Assimilator  
  21  1:45  Probe  
  21  1:52  Pylon  
  21  1:53  Probe  
  23  2:07  Adept  
  23  2:10  Probe  
  24  2:22  Probe  
  27  2:25  Forge  
  27  2:28  Stalker  
  27  2:34  Probe  
  27  2:35  Warp Gate  
  28  2:38  Probe  
  31  2:46  Probe  
  32  2:52  Probe  
  33  2:58  Probe  
  34  3:07  Probe, Pylon  
  34  3:10  Probe  
  36  3:14  Protoss Ground Weapons Level 1  
  36  3:20  Probe  
  36  3:24  Sentry  
  36  3:26  Photon Cannon x2  
  39  3:32  Photon Cannon  
  39  3:35  Probe x2  
  39  3:40  Pylon  
  41  3:47  Probe  
  42  3:49  Probe, Gateway  
  43  3:59  Probe  
  43  4:00  Probe  
  43  4:01  Pylon  
  45  4:08  Robotics Facility  
  45  4:11  Probe  
  45  4:13  Assimilator  
  45  4:14  Probe  
  45  4:15  Assimilator  
  46  4:21  Pylon  
  46  4:23  Probe  
  48  4:25  Probe, Twilight Council  
  48  4:26  Gateway  
  49  4:35  Probe  
  49  4:37  Probe  
  49  4:46  Warp Prism  
  49  4:47  Probe, Pylon  
  49  4:49  Probe  
  49  4:50  Sentry x2  
  49  4:51  Gateway x2  
  57  5:02  Templar Archives  
  57  5:06  Probe  
  58  5:08  Pylon  
  58  5:14  Charge  
  58  5:15  Observer  
  58  5:22  Stalker x2  
  64  5:28  Probe  
  64  5:32  Zealot  
  66  5:37  Immortal  
  66  5:40  Probe  
  67  5:43  Nexus  
  67  5:44  Pylon  
  71  5:55  Protoss Ground Weapons Level 2  
  71  6:02  Gateway  
  71  6:03  Gateway  
  72  6:04  Probe, Gateway  
  72  6:10  Probe  
  73  6:23  High Templar x2  
  77  6:25  Photon Cannon  
  77  6:27  Shield Battery, Archon, Zealot x2  
  77  6:28  Zealot  
  83  6:36  Probe  
  84  6:40  Probe  
  84  6:44  Immortal  
  85  6:54  Pylon  
  85  6:56  Probe, Pylon  
  85  6:58  Pylon  
  85  6:59  Probe x2  
  90  7:02  High Templar x2  
  90  7:04  Zealot x3  
  100  7:10  Archon  
  100  7:15  Shield Battery  
  100  7:17  Shield Battery  
  100  7:18  Robotics Facility  
  100  7:20  Pylon, Photon Cannon  
  100  7:21  Immortal  
  100  7:25  Zealot  
  100  7:27  Photon Cannon  
  103  7:39  Zealot x3  
  103  7:44  Zealot  
  101  7:49  Zealot x2  
  97  8:04  Probe  
  98  8:09  Assimilator  
  98  8:10  Assimilator  
  98  8:11  Probe  
  98  8:12  Probe  
  100  8:13  High Templar x3  
  100  8:17  High Templar, Shield Battery  
  100  8:18  Zealot x4  
  116  8:20  Archon  
  116  8:21  Archon  
  116  8:35  Immortal  
  116  8:41  Zealot x4  
  112  8:44  Immortal  
  108  8:52  Zealot  
  108  8:54  Zealot x2  
  110  8:56  Psionic Storm  
  110  9:03  Zealot x3  
  110  9:08  Pylon  
  116  9:12  Immortal  
  120  9:23  Immortal  
  124  9:27  Pylon x2  
  124  9:30  High Templar x2  
  128  9:37  High Templar  
  130  9:44  Photon Cannon  
  130  9:45  Pylon  
  130  9:51  Immortal  
  134  9:54  High Templar  
  134  9:56  Zealot  
  134  9:57  Zealot x2  
  140  10:04  Pylon  
  140  10:06  Warp Prism  
  144  10:07  Pylon  
  144  10:14  Shield Battery  
  144  10:18  High Templar  
  142  10:25  High Templar  
  142  10:26  High Templar x2  
  146  10:31  Nexus  
  146  10:32  Pylon, Archon  
  146  10:33  Zealot x3  
  152  10:41  Blink  
  152  10:42  Immortal  
  146  10:55  Zealot x4  
  146  10:56  High Templar  
  154  11:02  Photon Cannon  
  153  11:04  Immortal  
  149  11:18  Zealot x4  
  153  11:19  Zealot x2  
  161  11:26  Immortal  
  154  11:42  Zealot x5  
  154  11:43  Observer, Zealot  
  164  11:53  Probe  
  166  11:56  Zealot x2  
  168  12:10  Zealot x3  
  166  12:19  High Templar x3  
  166  12:20  High Templar  
  174  12:24  Archon x2  
  174  12:27  Zealot  
  174  12:29  Probe  
  177  12:30  Probe  
  174  12:46  Zealot x3  
  174  12:51  Photon Cannon, Zealot x2  
  176  12:52  Assimilator, Shield Battery, Photon Cannon x2, Zealot x2  
  176  12:53  Assimilator  
  176  12:54  Shield Battery  
  176  12:55  High Templar  
  170  13:15  Zealot  
  170  13:16  Zealot x4  
  170  13:17  Immortal, Zealot  
  170  13:18  Immortal  
  176  13:34  Zealot x2  
  176  13:40  Probe  
  179  13:42  Probe  
  179  13:48  Dark Shrine  
  180  13:50  Stalker  
  180  13:51  Stalker x4  
  180  13:52  Stalker  
  191  14:02  High Templar  
  191  14:03  High Templar  
Tags
 
Add a new tag
Caveats
  • Supply blocks, unpowered buildings, or Contaminate may cause inaccurate times.
  • Supply counts are checked every 10 seconds.